 Dungeon Crawl Stone Soup version 0.29.1-12-g30fa7ad0bf (webtiles) character file.

Game seed: 3541609498009729219

4 Radix the Stinger (level 1, 0/15 HPs)
             Began as a Naga Venom Mage on Dec 29, 2022.
             Slain by a kobold
             ... wielding a +0 short sword
              (3 damage)
             ... on level 1 of the Dungeon.
             The game lasted 00:01:05 (68 turns).

Radix the Stinger (Naga Venom Mage)                   Turns: 68, Time: 00:01:07

Health: 0/15       AC:  1    Str: 10    XL:     1   Next: 60%
Magic:  0/3        EV:  9    Int: 15    God:
Gold:   18         SH:  0    Dex: 11    Spells: 3/4 levels left

rFire   . . .      SeeInvis +   (no weapon)
rCold   . . .      Faith    .   (no shield)
rNeg    . . .      Spirit   .   a - +0 robe
rPois   +          Reflect  .   (no helmet)
rElec   .          Harm     .   (no cloak)
rCorr   .          Rampage  .   (no gloves)
Will    .....                   (no barding)
Stlth   ++........              (no amulet)
HPRegen 0.05/turn               (no ring)
MPRegen 0.08/turn               (no ring)

@: very slow
A: AC +0, large, see invisible, deformed body, poison resistance, slowness 2,
spit poison 1, naga tail 1
a: Spit Poison


You were on level 1 of the Dungeon.
You visited 1 branch of the dungeon, and saw 1 of its levels.

You collected 18 gold pieces.

Inventory:

Armour
 a - a +0 robe (worn)
Scrolls
 c - a scroll of enchant weapon {unknown}
Potions
 b - a potion of magic


   Skills:
 - Level 1.5 Dodging
 - Level 3.0 Stealth
 + Level 2.1 Spellcasting
 - Level 1.0 Transmutations
 + Level 4.2 Poison Magic


You had 3 spell levels left.
You knew the following spells:

 Your Spells              Type           Power      Damage    Failure   Level
a - Sting                 Tmut/Pois      36%        1d4       8%          1

Your spell library contained the following spells:

 Spells                   Type           Power      Damage    Failure   Level
 Poisonous Vapours        Pois/Air       14%        N/A       14%         2
 Mephitic Cloud           Conj/Pois/Air  5%         N/A       36%         3
 Olgreb's Toxic Radiance  Pois           14%        N/A       36%         4


Dungeon Overview and Level Annotations

Branches:
Dungeon (1/15)

Altars:


Innate Abilities, Weirdness & Mutations

Your serpentine skin is tough. (AC +0)
You have supernaturally acute eyesight. (SInv)
Armour fits poorly on your strangely shaped body.
Your system is resistant to poisons. (rPois)
You cover ground very slowly.
You can spit poison.
You have a snake-like lower body.


Message History

The endoplasm is lightly wounded.
The goblin shouts!
The endoplasm barely misses you.
Aiming: Sting (safe; 8% risk of failure)
Press: ? - help, Q - select action, (/) - cycle Shift-Dir - straight line, f/p - endoplasm
Aim: an endoplasm (lightly wounded, 97% to hit)
The sting hits the endoplasm.
The endoplasm is poisoned.
The endoplasm is moderately wounded.
The endoplasm hits you.
You hit the endoplasm.
The endoplasm is almost dead.
The endoplasm freezes you.
You are frozen.
* * * LOW HITPOINT WARNING * * *
A kobold comes into view. It is wielding a +0 short sword.
Aiming: Sting (safe; 8% risk of failure)
Press: ? - help, Q - select action, (/) - cycle Shift-Dir - straight line, f - goblin, p - endoplasm
Aim: a goblin, wielding a +0 dagger (60% to hit)
The sting hits the goblin.
The goblin is poisoned.
You kill the goblin!
The kobold shouts!
You kill the endoplasm!
The kobold throws a stone.
The stone barely misses you.
A kobold is nearby!
The kobold throws a stone.
The stone hits you but does no damage.
Aiming: Sting (safe; 8% risk of failure)
Press: ? - help, Q - select action, (/) - cycle Shift-Dir - straight line, f - kobold
Aim: a kobold, wielding a +0 short sword and quivering stones (60% to hit)
The sting misses the kobold.
You closely miss the kobold. The kobold barely misses you.
You closely miss the kobold.
The kobold hits you with a +0 short sword.
* * * LOW HITPOINT WARNING * * *
Aiming: Sting (safe; 8% risk of failure)
Press: ? - help, Q - select action, (/) - cycle Shift-Dir - straight line, f/p - kobold
Aim: a kobold, wielding a +0 short sword and quivering stones (60% to hit)
The sting hits the kobold but does no damage.
The kobold is poisoned.
The kobold hits you with a +0 short sword.
You die...

#..###.#####.#....<
#..#........#.....
#....######.#.....
##.#.#.## #.#...
.####....##.## #.#...
#......#......# #....[
######....##.## #.....
#######K#.#..# #.....
.......@...#.#######''##
#########.##......#.....
...#######....... #####
########


You could see a kobold (poisoned).

Vanquished Creatures
  2 endoplasms (D:1)
  A goblin (D:1)
3 creatures vanquished.

Notes
Turn   | Place    | Note
-------+----------+-------------------------------------------
     0 | D:1      | Radix the Naga Venom Mage began the quest for the Orb.
     0 | D:1      | Reached XP level 1. HP: 15/15 MP: 3/3
    68 | D:1      | Slain by a kobold

Illustrated notes

Levels and vault maps discovered:
D:1:      lemuel_arrival_behind_the_door_large, layout_loops_ring, serial_shops,
          shop, nicolae_shop_crystal, nicolae_shop_bloodbath_and_beyond,
          nicolae_shop_waterfront, shop, wander_ebering_terrifying_dragon_lair

Action                   || total
-------------------------++-------
Melee: Unarmed           ||    10
 Cast: Sting             ||     6
Armor: Robe              ||     1
Dodge: Dodged            ||     6
